 Dungeon Crawl Stone Soup version 0.30.0 (webtiles) character file.

Game seed: 11675428870581440152

5122 radiationgamer the Cleaver (level 10, -1/79 HPs)
             Began as a Human Berserker on Dec 20, 2023.
             Was a Priest of Trog.
             Slain by a skyshark (5 damage)
             ... on level 2 of the Lair of Beasts.
             The game lasted 00:39:29 (4462 turns).

radiationgamer the Cleaver (Human Berserker)        Turns: 4462, Time: 00:39:30

Health: -1/79      AC: 23    Str: 22    XL:     10   Next: 88%
Magic:  0/3        EV: 11    Int:  8    God:    Trog [***...]
Gold:   382        SH:  0    Dex: 22    Spells: 9/9 levels left

rFire   . . .        a - +2 great sword (antimagic)
rCold   . . .        (shield currently unavailable)
rNeg    . . .        k - +9 chain mail of Ru's Condemnation {Rampage Dex+4}
rPois   .            t - +1 helmet
rElec   .            (no cloak)
rCorr   .            (no gloves)
SInv    .            d - +0 pair of boots
Will    +++..        p - amulet of guardian spirit Stlth
                     g - +6 ring of dexterity
HPRegen 1.33/turn    s - ring of willpower
MPRegen 0.08/turn

%: guardian spirit, rampage
@: strong-willed, on berserk cooldown, regenerating
A: no striking features
a: Renounce Religion, Berserk, Trog's Hand


You were on level 2 of the Lair of Beasts.
You worshipped Trog.
Trog was most pleased with you.
You visited 2 branches of the dungeon, and saw 10 of its levels.

You collected 508 gold pieces.
You spent 126 gold pieces at shops.

Inventory:

Hand Weapons
 a - a +2 antimagic great sword (weapon)
 b - a +3 long sword
 i - a +1 hand axe of flaming
 y - a +4 hand axe of freezing
 A - a +2 short sword of speed
 C - a +1 flail of holy wrath
Missiles
 f - 2 javelins
 h - 57 stones (quivered)
Armour
 d - a +0 pair of boots (worn)
 k - the +9 chain mail of Ru's Condemnation (worn) {Rampage Dex+4}
   (You found it on level 2 of the Dungeon)

   Dex:       It affects your dexterity (+4).
   Rampage:   It bestows one free step when moving towards enemies.
 t - a +1 helmet (worn)
Jewellery
 g - a +6 ring of dexterity (left hand)
 p - an amulet of guardian spirit (around neck)
 s - a ring of willpower (right hand)
 w - a ring of protection from fire
 E - a +5 ring of evasion
Wands
 v - a wand of roots (6)
Scrolls
 c - a scroll of poison {unknown}
Potions
 e - a potion of lignification {unknown}
 l - 3 potions of mutation {unknown}
 m - 3 potions of curing {unknown}
 n - a potion of heal wounds {unknown}
 q - 2 potions of might {unknown}
 r - a potion of berserk rage {unknown}
 u - a potion of ambrosia {unknown}
 B - 2 potions of haste {unknown}


   Skills:
 + Level 7.4 Fighting
 + Level 4.5 Long Blades
 + Level 10.7 Axes
 + Level 7.1 Armour
 + Level 4.2 Dodging
 + Level 1.0 Stealth


You had 9 spell levels left.
You didn't know any spells.
Your spell library was empty.

Dungeon Overview and Level Annotations

Branches:
Dungeon (8/15)             Temple (0/1) D:4            Lair (2/5) D:8
  Swamp: Lair:2-3    Shoals: Lair:2-3     Snake: Lair:2-3    Spider: Lair:2-3

Altars:
Xom

Shops:
D:4 [   D:7 (


Message History

You hit the yak but do no damage. The rime drake bites you.
The skyshark hisses menacingly.
The yak gores you but does no damage. x3; The yak gores you!
* * * LOW HITPOINT WARNING * * *
The rime drake bites you but does no damage.
The yak barely misses you.
The yak gores you but does no damage. x2
The yak gores you!
* * * LOW HITPOINT WARNING * * *
The rime drake barely misses you.
The rime drake bites you but does no damage.
Your skin crawls.
You feel strong-willed.
You feel yourself speed up. The rime drake closely misses you.
The skyshark bites you but does no damage.
The skyshark barely misses you. The skyshark closely misses you.
The yak gores you but does no damage. The yak misses you.
The rime drake bites you but does no damage.
The skyshark barely misses you.
The skyshark tail-slaps you but does no damage.
The skyshark closely misses you.
You slice the yak!!
The yak is heavily wounded.
The rime drake bites you but does no damage.
The yak gores you but does no damage. The yak closely misses you. x2
The yak gores you but does no damage. The skyshark barely misses you.
The skyshark tail-slaps you but does no damage. x2
The rime drake breathes ice at you. The icy flash freeze misses you.
The icy flash freeze hits the yak!!
The yak is flash-frozen.
The yak gores you!
* * * LOW HITPOINT WARNING * * *
The yak gores you!
* * * LOW HITPOINT WARNING * * *
The yak misses you. The yak gores you but does no damage.
Okay, then.
You hit the yak but do no damage.
The yak is heavily wounded.
A skyshark comes into view.
The skyshark bites you but does no damage.
The skyshark closely misses you. The skyshark tail-slaps you.
You die...

. ..l....... ##
.....(P.# #. #......#
##### #.....#
####.... ##.....
###.##....
##....#####.........
##.#.Y........###..#.
#..Y@YY.....####....#
##.kYl..##### #....##
#...Y.#..# ##....
#P.......### .....#
..........# ...#.#.
#.......... ....##..
.P........P.
......#......
.........###..


You could see 2 skysharks, 6 yaks and a rime drake.

Vanquished Creatures
  A cane toad (Lair:1)
  2 komodo dragons
  Grinder (D:4)
  5 blink frogs (Lair:1)
  2 steam dragons
  3 yaks (D:8)
  A basilisk (Lair:1)
  Edmund (D:6)
  A water moccasin (D:7)
  An ice beast (D:6)
  2 black bears
  4 centaurs
  A phantom (D:6)
  4 kobold brigands (D:7)
  5 bullfrogs
  3 wights (D:6)
  3 howler monkeys (D:7)
  A jelly (D:5)
  3 hounds
  A sleepcap (D:6)
  4 iguanas
  3 orc wizards
  6 hell rats (Lair:1)
  3 gnolls (D:7)
  6 adders
  3 ufetubi (D:5)
  A worm (D:5)
  14 orcs
  3 endoplasms
  A giant cockroach (D:1)
  2 goblins
  3 hobgoblins
  3 jackals (D:4)
  5 quokkas
  A ball python (D:3)
  4 bats
  2 frilled lizards
  21 kobolds
  4 rats
134 creatures vanquished.

Vanquished Creatures (others)
  19 plants
19 creatures vanquished.

Grand Total: 153 creatures vanquished

Notes
Turn   | Place    | Note
-------+----------+-------------------------------------------
     0 | D:1      | radiationgamer the Human Berserker began the quest for the
                  | Orb.
     0 | D:1      | Reached XP level 1. HP: 18/18 MP: 1/1
   162 | D:1      | Reached XP level 2. HP: 20/24 MP: 2/2
   444 | D:2      | Reached XP level 3. HP: 22/29 MP: 3/3
   508 | D:2      | Identified the +9 chain mail of Ru's Condemnation {Rampage
                  | Dex+4}
   864 | D:2      | You fall into a shaft and drop 1 floor!
  1066 | D:3      | Reached XP level 4. HP: 35/35 MP: 4/4
  1171 | D:3      | Reached ** piety under Trog
  1293 | D:4      | Found a staircase to the Ecumenical Temple.
  1331 | D:4      | Reached XP level 5. HP: 42/42 MP: 5/5
  1342 | D:4      | Found Fyupn's Armour Shop.
  1360 | D:4      | Bought a +1 helmet for 126 gold pieces
  1481 | D:4      | Reached skill level 1 in Axes
  1582 | D:4      | Noticed Grinder
  1591 | D:4      | Killed Grinder
  1592 | D:4      | Reached skill level 3 in Axes
  1592 | D:4      | Reached XP level 6. HP: 48/48 MP: 4/6
  1664 | D:5      | Entered Level 5 of the Dungeon
  1688 | D:5      | Reached XP level 7. HP: 46/54 MP: 4/7
  1954 | D:5      | Reached skill level 4 in Axes
  2080 | D:6      | Reached XP level 8. HP: 61/61 MP: 8/8
  2081 | D:6      | Reached skill level 5 in Axes
  2189 | D:6      | Reached skill level 6 in Axes
  2194 | D:6      | Reached skill level 5 in Fighting
  2217 | D:6      | Reached skill level 7 in Axes
  2217 | D:6      | Reached XP level 9. HP: 58/68 MP: 9/9
  2487 | D:7      | Reached *** piety under Trog
  2591 | D:7      | Reached skill level 8 in Axes
  2764 | D:7      | Identified the +4 leather armour "Rucou" {rElec Str-3
                  | Dex+6}
  2808 | D:7      | Found Hiereg's Antique Weapon Shop.
  2899 | D:7      | Found a shimmering altar of Xom.
  3033 | D:7      | Reached skill level 5 in Armour
  3226 | D:6      | Noticed Edmund
  3237 | D:6      | Killed Edmund
  3721 | D:8      | Reached skill level 9 in Axes
  3725 | D:8      | Reached XP level 10. HP: 60/77 MP: 8/10
  3791 | D:8      | Found a staircase to the Lair.
  3802 | Lair:1   | Entered Level 1 of the Lair of Beasts
  3848 | Lair:1   | Reached skill level 10 in Axes
  4157 | Lair:1   | Noticed a komodo dragon
  4173 | Lair:1   | Killed a komodo dragon
  4276 | Lair:1   | Noticed a cane toad
  4283 | Lair:1   | Killed a cane toad
  4284 | Lair:1   | Reached skill level 1 in Stealth
  4421 | Lair:2   | Noticed a komodo dragon
  4428 | Lair:2   | Killed a komodo dragon
  4449 | Lair:2   | Noticed a rime drake
  4453 | Lair:2   | Noticed a skyshark
  4461 | Lair:2   | HP: 2/79 [yak (7)]
  4462 | Lair:2   | Noticed a skyshark
  4462 | Lair:2   | Slain by a skyshark

Illustrated notes

Levels and vault maps discovered:
D:1:      eino_arrival_druids_welcome, layout_rooms, serial_bayou_pond_c,
          chequers_big_river, serial_bayou_pond_d
D:2:      layout_loops_ring
D:3:      layout_loops_corners, ashenzari_altar_1
D:4:      layout_cave_pools, temple_statues, serial_shops,
          nicolae_shop_temple_entry_statues_fountains, uniq_grinder
D:5:      layout_rooms, kennysheep_generic_room_8
D:6:      layout_cave_pools, serial_bayou_pond_a, uniq_edmund
D:7:      layout_gridville, general_overflow_altar, serial_shops, shop
D:8:      layout_rooms, lair_entry_dummy
Lair:1:   layout_cave_pods, eino_small_chamber_without_monster
Lair:2:   layout_misc_corridors, infiniplex_staircase_pool_2

Skill      XL: |  1  2  3  4  5  6  7  8  9 10 |
---------------+-------------------------------+-----
Long Blades    | 4 |  4.5
Axes           | 3 4 7 9 10 | 10.7
Fighting       | 4 5 6 7 |  7.4
Armour         | 3 4 5 7 |  7.1
Dodging        | 3 4 |  4.2
Stealth        | 1 |  1.0

Action                     |  1- 3 |  4- 6 |  7- 9 | 10-12 || total
---------------------------+-------+-------+-------+-------++-------
  Melee: Falchion          |    90 |       |       |       ||    90
         Punch             |     1 |     3 |     3 |       ||     7
         Hand axe          |    23 |    67 |   229 |    68 ||   387
         Great sword       |       |       |       |    14 ||    14
 Invoke: Berserk           |       |     2 |     7 |     4 ||    13
         Trog's Hand       |       |       |     3 |     4 ||     7
 Armour: Animal skin       |     4 |       |       |       ||     4
         Chain mail        |    59 |    41 |   169 |    69 ||   338
  Dodge: Dodged            |    63 |    32 |   134 |    60 ||   289
